 Dungeon Crawl Stone Soup version 0.21.1-1-g345015f (webtiles) character file.

169453 Belissa the Protected (level 17, 0/131 HPs)
             Began as a Human Necromancer on May 25, 2018.
             Was a Believer of Kikubaaqudgha.
             Slain by a black mamba (6 damage)
             ... on level 4 of the Snake Pit on June 5, 2018.
             The game lasted 11:02:50 (34476 turns).

Belissa the Protected (Human Necromancer)          Turns: 34476, Time: 11:02:53

Health: 0/131      AC: 18    Str: 18    XL:     17   Next: 94%
Magic:  5/31       EV: 20    Int: 20    God:    Kikubaaqudgha [**....]
Gold:   60         SH:  0    Dex: 19    Spells: 2/36 levels left

rFire    . . .     SeeInvis .   u - +7 quarterstaff (pain)
rCold    . . .     Gourm    .   (shield currently unavailable)
rNeg     . . .     Faith    .   l - +3 leather armour {rPois}
rPois    .         Spirit   .   y - +2 helmet "Woonum" {rElec Slay+3}
rElec    +         Reflect  .   P - scarf {cloud immunity}
rCorr    .         Harm     .   s - +2 pair of gloves
MR       +....                  G - +2 pair of boots {Stlth+}
Stlth    +++++.....             (no amulet)
HPRegen  1.31/turn              S - +5 ring of strength
MPRegen  0.22/turn              J - +5 ring of dexterity

@: lethally poisoned (0 -> -1), poison vulnerable, regenerating (expiring)
A: hooves 1, rugged brown scales 1, strong 1, wild magic 1
}: 2/15 runes: decaying, serpentine
a: Receive Corpses, Renounce Religion


You were on level 4 of the Snake Pit.
You worshipped Kikubaaqudgha.
Kikubaaqudgha was pleased with you.
You were not hungry.

You visited 6 branches of the dungeon, and saw 31 of its levels.
You visited 1 bazaar.
You also visited: Ossuary.

You collected 2134 gold pieces.
You spent 2074 gold pieces at shops.

Inventory:

Hand Weapons
 u - a +7 quarterstaff of pain (weapon)
 N - a +1 fustibalus
 O - a +0 blowgun
Missiles
 h - 93 poisoned needles
 j - 2 tomahawks (quivered)
 k - 17 curare-tipped needles
 q - 73 sling bullets
 E - 3 javelins of penetration
 Q - 3 needles of frenzy
Armour
 d - a +2 robe of magic resistance
 l - a +3 leather armour of poison resistance (worn)
 m - a +2 robe of resistance
 s - a +2 pair of gloves (worn)
 v - a +2 cloak of magic resistance
 x - a +2 troll leather armour
 y - the +2 helmet "Woonum" (worn) {rElec Slay+3}
   (You bought it in a shop on level 8 of the Dungeon)

   It affects your accuracy and damage with ranged weapons and melee attacks
   (+3).
   It insulates you from electricity.
 G - a +2 pair of boots of stealth (worn)
 P - a scarf of cloud immunity (worn)
 V - a +0 robe of positive energy
Jewellery
 J - a +5 ring of dexterity (right hand)
 K - an uncursed ring of protection from magic
 S - a +5 ring of strength (left hand)
 Y - a +3 ring of evasion
Wands
 b - a wand of paralysis (37)
 g - a wand of acid (16)
 o - a wand of random effects (48)
 B - a wand of flame (75)
 M - a wand of digging (19)
Scrolls
 a - 10 scrolls of remove curse
 t - 2 scrolls of identify
 C - a scroll of holy word
 I - 5 scrolls of fog
 R - 2 scrolls of amnesia
Potions
 f - a potion of might
 p - a potion of flight
 r - a potion of invisibility
 U - 2 potions of brilliance
Books
 L - a book of Conjurations

   Spells                             Type                      Level
   a - Magic Dart                     Conjuration                  1
   b - Searing Ray                    Conjuration                  2
   c - Dazzling Spray                 Conjuration/Hexes            3
   d - Fulminant Prism                Conjuration/Hexes            4
   e - Force Lance                    Conjuration/Translocation    4
   f - Iskenderun's Mystic Blast      Conjuration                  4
Miscellaneous
 e - a lightning rod (inert)
 i - a crystal ball of energy
 T - a lamp of fire (inert)
Comestibles
 c - 38 rations


   Skills:
 + Level 10.0 Fighting
 - Level 9.0 Staves
 + Level 9.2(10.5) Slings
 - Level 8.4(10.2) Throwing
 - Level 10.3 Armour
 - Level 10.0 Dodging
 - Level 10.0 Stealth
 - Level 10.0 Spellcasting
 * Level 1.6 Conjurations
 + Level 6.1 Hexes
 - Level 7.1 Charms
 + Level 3.2 Summonings
 - Level 10.0 Necromancy
 - Level 5.1 Translocations
 - Level 3.0 Ice Magic
 + Level 7.0 Evocations


You had 2 spell levels left.
You knew the following spells:

 Your Spells              Type           Power        Failure   Level  Hunger
a - Pain                  Necr           ####         1%          1    None
b - Animate Skeleton      Necr           N/A          1%          1    None
c - Vampiric Draining     Necr           ######....   1%          3    None
d - Regeneration          Chrm/Necr      ######....   1%          3    None
e - Animate Dead          Necr           N/A          2%          4    ##.....
f - Sublimation of Blood  Necr           ######....   1%          2    None
g - Summon Guardian Gole  Hex/Summ       #####...     6%          3    None
h - Infusion              Chrm           ####         1%          1    None
i - Dispel Undead         Necr           ######..     6%          5    ####...
j - Shroud of Golubria    Chrm/Tloc      #####.....   1%          2    None
k - Corona                Hex            #####..      1%          1    None
l - Spectral Weapon       Hex/Chrm       #####...     3%          3    None
m - Ensorcelled Hibernat  Hex/Ice        #####.       3%          2    None
n - Dazzling Spray        Conj/Hex       ####..       8%          3    None


Dungeon Overview and Level Annotations

Branches:
Dungeon (14/15)            Temple (1/1) D:5            Lair (6/6) D:9
  Swamp (4/4) Lair:3        Snake (4/4) Lair:3        Slime (0/5) Lair:5
    Orc (2/2) D:9          Vaults (0/5) D:13
    Elf: Orc:2

Altars:
Ashenzari
Cheibriados
Dithmenos
Elyvilon
Fedhas
Gozag
Hepliaklqana
Kikubaaqudgha
Makhleb
Nemelex Xobeh
Okawaru
Ru
Vehumet
Wu Jian
Xom
Zin
The Shining One

Shops:
D:4 (   D:5 %   D:8 [   Snake:1 ?*[[   Snake:3 ?

Annotations:
D:14 Sonja
Swamp:2 exclusion: Roxanne, Roxanne
Orc:2 Tribosh's ghost, journeyman MiBe


Innate Abilities, Weirdness & Mutations

You have large cloven feet.
You are partially covered in rugged brown scales. (AC +1, +3% HP)
Your muscles are strong. (Str +2)
Your spells are a little harder to cast, but a little more powerful.


Message History

The splash of poison hits you!
You are more poisoned.
* * * LOW HITPOINT WARNING * * *
You hear an angry hiss.
Your skin is crawling a little less now.
You feel sick.
The naga ritualist gestures at you while chanting.
The lance of force misses you.
You feel sick.
You feel sick.
The naga sharpshooter spits poison at you.
The splash of poison misses you. The black mamba bites you!
* * * LOW HITPOINT WARNING * * *
You bludgeon the naga ritualist!!
You kill the naga ritualist!
Kikubaaqudgha accepts your kill.
Your Evocations skill increases to level 7!
You feel sick. The black mamba bites you.
You die...
Kikubaaqudgha rasps: "You have failed me!
Welcome... death!"

...(((.().)#....###N##
#..##.(...).....###.(#
..######.....)...###.# ###
##(.......###.# ##### ######
####...N...#[# #...# .....#
#§§§....((# #...# .....#####
#§§.......#####...#
........N###§.§)#........)...#
.....###SS§§§§SS@....:...[...#
.....# ##########............#
.....# ##...........# ######
#...........# #........####
#........# ##########


You could see a naga sharpshooter and 2 black mambas.

Vanquished Creatures
  Rupert (Lair:5)
  A thorn hunter (Swamp:1)
  A nagaraja (Snake:4)
  Josephine (D:11)
  3 hydras
  A naga warrior (Snake:1)
  7 anacondas
  An alligator (Swamp:1)
  A queen ant (D:10)
  2 dancing weapons (D:13)
  5 two-headed ogres
  2 death yaks (Lair:5)
  4 naga sharpshooters
  Urug (Lair:5)
  4 shock serpents
  A spriggan (Swamp:1)
  A sea snake (Snake:2)
  3 naga ritualists
  An unseen horror (D:11)
  4 swamp dragons
  2 mana vipers
  2 cyclopes
  A manticore (D:11)
  2 ugly things
  A guardian serpent (Snake:4)
  A salamander (Snake:4)
  3 centaur zombies
  4 elephants
  13 black mambas
  Joseph (Lair:1)
  2 naga magi
  14 spiny frogs
  A torpor snail (Lair:3)
  A gargoyle (D:11)
  The ghost of vatarom the Cudgeler, a novice GnWn (D:6)
  3 rime drakes
  4 komodo dragons
  A tyrant leech (Swamp:1)
  3 polar bears
  Grinder (D:6)
  2 hornets (Swamp:1)
  2 trolls
  10 slime creatures
  3 hippogriffs
  5 dream sheep (Lair:6)
  3 bog bodies
  8 blink frogs
  2 redbacks (Snake:3)
  39 yaks
  A shadow (Swamp:2)
  4 wraiths (D:11)
  2 hogs (Swamp:3)
  A basilisk (D:11)
  10 vampire mosquitoes
  3 wyverns
  2 hungry ghosts
  3 wargs
  An insubstantial wisp (Swamp:3)
  13 nagas
  6 soldier ants (D:10)
  8 swamp worms
  Duvessa (D:6)
  9 water moccasins
  2 swamp drakes
  5 orc warriors
  4 porcupines
  3 sky beasts
  2 necrophages
  2 ice beasts
  An ogre (D:9)
  2 black bears
  2 eyes of draining
  3 phantoms
  14 centaurs
  7 wolves
  9 crocodiles
  4 big kobolds
  15 bullfrogs
  Dowan (D:6)
  A wyvern skeleton (D:6)
  5 scorpions
  11 killer bees
  6 wights
  3 electric eels (Lair:3)
  2 howler monkeys
  6 crimson imps
  5 jellies
  9 orc priests
  19 orc wizards
  Crazy Yiuf (D:3)
  A hound (D:9)
  2 bullfrog skeletons
  A centaur skeleton (D:4)
  Jessica (D:3)
  An iguana (D:9)
  32 worker ants
  8 big kobold zombies (Ossuary)
  The ghost of p0werm0de the Skirmisher, a weakling DsWn of Ashenzari (D:4)
  A hound skeleton (D:4)
  A mummy (Ossuary)
  8 gnolls
  16 adders
  2 shadow imps
  An adder skeleton (D:4)
  3 worms
  3 dart slugs
  5 leopard geckos
  54 orcs
  5 spectral bats (Ossuary)
  6 giant cockroaches
  4 gnoll zombies (Ossuary)
  12 goblins
  8 hobgoblins
  5 jackals
  4 quokkas (D:7)
  A ball python (D:5)
  6 bats
  3 bat simulacra (Ossuary)
  A frilled lizard (D:1)
  6 goblin simulacra (Ossuary)
  5 goblin zombies (Ossuary)
  6 hobgoblin zombies
  A jackal zombie (D:5)
  10 kobolds
  3 kobold simulacra (Ossuary)
  6 kobold zombies
  2 orc skeletons (D:6)
  6 orc zombies
  A quokka zombie (D:9)
  4 rats
  4 rat simulacra (Ossuary)
  5 spectral goblins (Ossuary)
  3 spectral kobolds (Ossuary)
  5 spectral rats (Ossuary)
  A fungus (Lair:6)
  A plant (Lair:6)
653 creatures vanquished.

Vanquished Creatures (collateral kills)
  Bai Suzhen (Swamp:4)
  Nikola (Swamp:3)
  Kirke (Swamp:4)
  6 thorn hunters
  5 nagarajas (Snake:4)
  The ghost of Setanta the Carver, a journeyman MiFi of Trog (Lair:4)
  The ghost of Jaiteiro the Blocker, a journeyman MiMo of Cheibriados (Snake:1)
  9 naga warriors
  4 ghost crabs
  19 hydras
  A catoblepas (Lair:5)
  7 anacondas
  4 alligators
  A two-headed ogre (D:12)
  A death yak (Lair:5)
  8 naga sharpshooters
  3 shock serpents
  4 salamander mystics
  An unseen horror (D:11)
  11 swamp dragons
  A spriggan druid (Swamp:2)
  7 naga ritualists
  4 ugly things
  7 mana vipers
  A manticore (D:12)
  11 salamanders
  4 elephants (Lair:5)
  8 guardian serpents
  26 black mambas
  6 naga magi
  5 spiny frogs
  A komodo dragon (Lair:1)
  2 rime drakes
  6 tyrant leeches
  22 slime creatures
  4 blink frogs
  6 bog bodies
  10 hornets
  5 redbacks (Snake:3)
  3 yaks
  7 spriggans
  A basilisk (Lair:4)
  3 hogs
  23 vampire mosquitoes
  6 swamp worms
  11 insubstantial wisps
  31 nagas
  A water moccasin (Lair:5)
  2 porcupines
  6 swamp drakes
  An orc warrior (D:13)
  A wolf (Lair:2)
  A centaur (D:12)
  3 ogres
  2 crocodiles
  2 bullfrogs
  An electric eel (Lair:3)
  7 wights
  2 howler monkeys (D:8)
  2 hounds
  2 orc wizards
  5 worker ants (D:10)
  A hound zombie (D:8)
  A howler monkey zombie (D:8)
  A worker ant zombie (D:11)
  3 gnolls (D:7)
  An adder (D:4)
  A worm (D:2)
  4 orcs
  A giant cockroach (D:8)
  A quokka (D:7)
  A bush (Lair:4)
  2 butterflies (Lair:2)
  5 fungi
  A plant (Snake:4)
371 creatures vanquished.

Vanquished Creatures (others)
  A shambling mangrove (Swamp:4)
  An ugly thing (Swamp:2)
  A black mamba (Snake:4)
  2 slime creatures
  A blink frog (Swamp:3)
  A swamp worm (Swamp:4)
  A centaur (D:5)
  6 briar patches (Swamp:4)
  4 fungi
  5 plants
23 creatures vanquished.

Grand Total: 1047 creatures vanquished

Notes
Turn   | Place    | Note
-------+----------+-------------------------------------------
     0 | D:1      | Belissa the Human Necromancer began the quest for the Orb.
     0 | D:1      | Reached XP level 1. HP: 13/13 MP: 3/3
     2 | D:1      | Learned a level 1 spell: Animate Skeleton
   647 | D:1      | Reached XP level 2. HP: 20/20 MP: 5/5
  1191 | D:2      | Reached XP level 3. HP: 16/25 MP: 0/6
  1523 | D:2      | Learned a level 3 spell: Vampiric Draining
  1532 | D:2      | Reached skill level 1 in Fighting
  1723 | D:2      | Reached XP level 4. HP: 28/32 MP: 1/7
  2021 | D:2      | Reached skill level 1 in Slings
  2136 | D:3      | Reached skill level 1 in Throwing
  2443 | D:3      | Found a shadowy altar of Dithmenos.
  2509 | D:3      | Reached XP level 5. HP: 35/37 MP: 8/8
  2681 | D:3      | Reached skill level 1 in Armour
  2951 | D:3      | Noticed Jessica
  3074 | D:3      | Killed Jessica
  3074 | D:3      | Reached XP level 6. HP: 37/44 MP: 3/9
  3366 | D:3      | Learned a level 3 spell: Regeneration
  3598 | D:3      | Found a runed door.
  3602 | D:3      | Noticed Crazy Yiuf
  3617 | D:3      | Killed Crazy Yiuf
  4007 | D:4      | Reached XP level 7. HP: 40/50 MP: 1/11
  4035 | D:4      | Found Ofeel Refa's Antique Weapon Shop.
  4085 | D:4      | Got a dazzling buckler
  4558 | D:4      | Noticed p0werm0de's ghost (weakling DsWn)
  4623 | D:4      | Reached skill level 1 in Charms
  4662 | D:4      | Found a hazy altar of Hepliaklqana.
  4749 | D:4      | Reached skill level 1 in Staves
  4942 | D:4      | Killed p0werm0de's ghost
  4992 | D:4      | Learned a level 4 spell: Animate Dead
  5321 | D:5      | Entered Level 5 of the Dungeon
  5368 | D:4      | Identified the +0 buckler "Uvaler" {rF+ Slay+5} (You found it on level 4 of the Dungeon)
  5382 | D:5      | Reached XP level 8. HP: 53/57 MP: 8/12
  5442 | D:5      | Reached skill level 5 in Necromancy
  5915 | D:5      | Found a glowing silver altar of Zin.
  6267 | D:5      | Found Ecoacvos's Food Shop.
  6355 | D:5      | Found a staircase to the Ecumenical Temple.
  6367 | Temple   | Entered the Ecumenical Temple
  6480 | Temple   | Became a worshipper of Kikubaaqudgha
  6736 | D:6      | Noticed vatarom's ghost (novice GnWn)
  6782 | D:6      | Killed vatarom's ghost
  6782 | D:6      | Reached XP level 9. HP: 55/64 MP: 14/14
  7013 | D:6      | Found a glowing golden altar of the Shining One.
  7131 | D:6      | Noticed Grinder
  7139 | D:6      | Killed Grinder
  7332 | D:6      | Reached * piety under Kikubaaqudgha
  7332 | D:6      | Identified Kikubaaqudgha's Disquisition on Evil (Kikubaaqudgha gifted it to you on level 6 of the Dungeon)
  7332 | D:6      | Received a gift from Kikubaaqudgha
  7337 | D:6      | Learned a level 2 spell: Sublimation of Blood
  7360 | D:6      | Noticed Duvessa
  7361 | D:6      | Noticed Dowan
  7399 | D:6      | Killed Duvessa
  7408 | D:6      | Killed Dowan
  7619 | D:6      | Reached skill level 1 in Evocations
  7776 | D:7      | Found a sand-covered staircase.
  7781 | Ossuary  | Entered an ossuary
  7890 | Ossuary  | Reached ** piety under Kikubaaqudgha
  8413 | D:7      | Reached *** piety under Kikubaaqudgha
  8413 | D:7      | Identified Kikubaaqudgha's Collected Works on Black Magic (Kikubaaqudgha gifted it to you on level 7 of the Dungeon)
  8413 | D:7      | Received a gift from Kikubaaqudgha
  8509 | D:7      | Reached XP level 10. HP: 67/71 MP: 16/16
  8512 | D:7      | Reached skill level 5 in Stealth
  8910 | D:7      | Reached **** piety under Kikubaaqudgha
  9190 | D:8      | Found an iron altar of Okawaru.
  9411 | D:8      | Found Xirosiaf's Antique Armour Shop.
  9433 | D:8      | Bought a faintly glowing helmet for 209 gold pieces
  9433 | D:8      | Bought a pair of runed boots for 165 gold pieces
  9438 | D:8      | Identified the +2 helmet "Woonum" {rElec Slay+3} (You bought it in a shop on level 8 of the Dungeon)
  9779 | D:8      | Identified the Disquisition on Weightlessness and Beguiling
 10065 | D:9      | Noticed a cyclops
 10080 | D:9      | Killed a cyclops
 10100 | D:9      | Learned a level 1 spell: Corona
 10111 | D:9      | Learned a level 3 spell: Inner Flame
 10127 | D:9      | Found a shattered altar of Ashenzari.
 10188 | D:9      | Found a burning altar of Makhleb.
 10211 | D:9      | Reached skill level 5 in Dodging
 10448 | D:9      | Found a staircase to the Lair.
 10546 | Lair:1   | Entered Level 1 of the Lair of Beasts
 10572 | Lair:1   | Noticed a komodo dragon
 10589 | Lair:1   | Noticed a seven-headed hydra
 10612 | Lair:1   | Noticed Joseph
 10626 | D:9      | Found a glowing golden altar of the Shining One.
 10717 | D:9      | Found a staircase to the Orcish Mines.
 10904 | D:9      | Reached XP level 11. HP: 70/78 MP: 16/18
 11013 | D:9      | Found an opulent altar of Gozag.
 11013 | D:9      | Found a shadowy altar of Dithmenos.
 11086 | Orc:1    | Entered Level 1 of the Orcish Mines
 11090 | Orc:1    | Noticed a cyclops
 11188 | D:10     | Entered Level 10 of the Dungeon
 11289 | D:10     | Reached ***** piety under Kikubaaqudgha
 11318 | D:10     | Reached skill level 5 in Fighting
 11484 | D:10     | You fall through a shaft!
 11558 | D:11     | Reached skill level 5 in Slings
 11644 | D:11     | Killed an unseen horror
 11644 | D:11     | Reached skill level 5 in Armour
 11644 | D:11     | Reached skill level 5 in Spellcasting
 11941 | D:11     | Noticed a manticore
 11948 | D:11     | Killed a manticore
 12017 | D:11     | Killed an unseen horror
 12138 | D:11     | Noticed a two-headed ogre
 12254 | D:10     | Got a fine shield
 12260 | D:10     | Identified the +0 shield "Cigolih" {MP+9} (You found it on level 10 of the Dungeon)
 12511 | D:10     | Noticed a queen ant
 12569 | D:10     | Reached skill level 5 in Charms
 12604 | D:10     | Killed a queen ant
 12604 | D:10     | Reached skill level 5 in Staves
 12875 | D:10     | Noticed a two-headed ogre
 12921 | D:10     | Killed a two-headed ogre
 12921 | D:10     | Reached skill level 5 in Throwing
 13252 | D:11     | Reached XP level 12. HP: 87/87 MP: 9/20
 13475 | D:11     | Killed a two-headed ogre
 13569 | D:11     | Noticed Josephine
 14449 | Lair:2   | Noticed a five-headed hydra
 14882 | Lair:3   | Learned a level 5 spell: Dispel Undead
 15006 | Lair:3   | Found a staircase to the Swamp.
 15220 | Lair:3   | Reached ****** piety under Kikubaaqudgha
 15226 | Lair:3   | Identified a +4 quarterstaff of pain (a +2 quarterstaff of chaos bloodied by Kikubaaqudgha)
 15226 | Lair:3   | Received a gift from Kikubaaqudgha
 15442 | Lair:3   | Reached XP level 13. HP: 55/95 MP: 15/22
 15493 | Lair:3   | Found a white marble altar of Elyvilon.
 15540 | Lair:3   | Learned a level 3 spell: Summon Guardian Golem
 15677 | Lair:3   | Found a staircase to the Snake Pit.
 16139 | Lair:2   | Killed a five-headed hydra
 16598 | Lair:1   | Killed a seven-headed hydra
 16706 | Lair:1   | Killed Joseph
 16882 | Lair:4   | Noticed a seven-headed hydra
 17031 | Lair:4   | Killed a seven-headed hydra
 17091 | Lair:4   | Noticed a six-headed hydra
 17109 | Lair:4   | Noticed an eight-headed hydra
 17487 | Lair:5   | Noticed Rupert
 17559 | Lair:5   | Noticed a catoblepas
 17673 | Lair:5   | Learned a level 1 spell: Infusion
 17676 | Lair:5   | Learned a level 2 spell: Shroud of Golubria
 17694 | Lair:5   | Noticed Urug
 17717 | Lair:5   | Killed Urug
 17725 | Lair:5   | Killed a catoblepas
 17854 | Lair:5   | Found a staircase to the Slime Pits.
 17985 | Lair:5   | Noticed a seven-headed hydra
 17994 | Lair:5   | Killed a seven-headed hydra
 18353 | Lair:5   | Killed Rupert
 18373 | Lair:6   | Entered Level 6 of the Lair of Beasts
 18376 | Lair:6   | Learned a level 1 spell: Corona
 18549 | Lair:5   | Reached XP level 14. HP: 100/103 MP: 22/24
 18976 | Lair:6   | Reached skill level 1 in Translocations
 20680 | Lair:4   | Noticed Setanta's ghost (journeyman MiFi)
 20738 | Lair:4   | Killed Setanta's ghost
 21220 | Orc:2    | Entered Level 2 of the Orcish Mines
 21232 | Orc:2    | Noticed Tribosh's ghost (journeyman MiBe)
 21358 | D:11     | Killed Josephine
 22115 | D:12     | Learned a level 2 spell: Song of Slaying
 22698 | D:13     | Reached skill level 1 in Summonings
 22725 | D:13     | Found a gate to the Vaults.
 23241 | D:13     | Reached XP level 15. HP: 109/110 MP: 23/26
 24070 | D:14     | Noticed Sonja
 24324 | Swamp:1  | Entered Level 1 of the Swamp
 24384 | Swamp:1  | Noticed a thorn hunter
 24407 | Swamp:1  | Killed a thorn hunter
 24488 | Swamp:1  | Reached skill level 1 in Hexes
 25690 | Swamp:2  | Noticed Roxanne
 25712 | Swamp:2  | Noticed a thorn hunter
 25718 | Swamp:2  | Killed a thorn hunter
 25867 | Swamp:2  | Reached skill level 10 in Stealth
 25871 | Swamp:2  | Learned a level 2 spell: Ensorcelled Hibernation
 25896 | Swamp:2  | Noticed a thorn hunter
 25903 | Swamp:2  | Killed a thorn hunter
 26760 | Swamp:3  | Noticed a thorn hunter
 26774 | Swamp:3  | Killed a thorn hunter
 27102 | Swamp:3  | Found a glowing golden altar of the Shining One.
 27227 | Swamp:3  | Gained mutation: You have large cloven feet. [potion of mutation]
 27227 | Swamp:3  | Gained mutation: Your muscles are strong. (Str +2) [potion of mutation]
 27227 | Swamp:3  | Gained mutation: You are partially covered in rugged brown scales. (AC +1, +3% HP) [potion of mutation]
 27227 | Swamp:3  | Gained mutation: Your spells are a little harder to cast, but a little more powerful. [potion of mutation]
 27331 | Swamp:4  | Entered Level 4 of the Swamp
 27482 | Swamp:4  | Noticed a thorn hunter
 27752 | Swamp:3  | Reached XP level 16. HP: 93/122 MP: 19/28
 27779 | Swamp:4  | Noticed Bai Suzhen
 27780 | Swamp:4  | Noticed Kirke
 27828 | Swamp:3  | Killed a thorn hunter
 28006 | Swamp:4  | Noticed a thorn hunter
 28142 | Swamp:3  | Reached skill level 1 in Ice Magic
 28278 | Swamp:4  | Noticed Nikola
 28286 | Swamp:3  | Killed Nikola
 28286 | Swamp:3  | Reached skill level 10 in Necromancy
 28354 | Swamp:4  | Noticed a thorn hunter
 28369 | Swamp:4  | Killed a thorn hunter
 28435 | Swamp:4  | Learned a level 3 spell: Spectral Weapon
 28474 | Swamp:4  | Killed Kirke
 28489 | Swamp:4  | Killed a thorn hunter
 28546 | Swamp:4  | Got a decaying rune of Zot
 28602 | Swamp:4  | Killed Bai Suzhen
 29198 | Snake:1  | Entered Level 1 of the Snake Pit
 29253 | Snake:1  | Found Omiutiu's Armour Boutique.
 29253 | Snake:1  | Found Pegyhealo's Armour Shoppe.
 29326 | Snake:1  | Bought a +2 robe of resistance for 754 gold pieces
 29691 | Snake:1  | Noticed Jaiteiro's ghost (journeyman MiMo)
 29759 | Snake:1  | Killed Jaiteiro's ghost
 29828 | Snake:1  | Reached skill level 5 in Evocations
 29887 | Snake:1  | Found Xiqar's General Store.
 29902 | Snake:1  | Bought a ration for 100 gold pieces
 29902 | Snake:1  | Bought a ration for 100 gold pieces
 29902 | Snake:1  | Bought a ration for 100 gold pieces
 29902 | Snake:1  | Bought a scroll of holy word for 150 gold pieces
 30131 | Snake:1  | Found Enoegoot's Magic Scroll Shop.
 30183 | Snake:1  | Bought a scroll of fear for 66 gold pieces
 30183 | Snake:1  | Bought a scroll of amnesia for 66 gold pieces
 30183 | Snake:1  | Bought a scroll of amnesia for 66 gold pieces
 30183 | Snake:1  | Bought a scroll of magic mapping for 66 gold pieces
 30387 | Snake:2  | Found a flickering gateway to a bazaar.
 30404 | Snake:2  | Reached skill level 5 in Translocations
 30419 | Bazaar   | Entered a bazaar
 30433 | Bazaar   | Found Demmeon's Gadget Shoppe.
 30438 | Bazaar   | Bought a wand of paralysis (6) for 152 gold pieces
 30449 | Bazaar   | Found Kafoix's Magic Scroll Shoppe.
 30449 | Bazaar   | Found Net Nost's Magic Scroll Emporium.
 30454 | Bazaar   | Bought a scroll of fear for 38 gold pieces
 30519 | Bazaar   | Found Kayqol's Book Shoppe.
 30519 | Bazaar   | Found Titol's Armour Emporium.
 31162 | Snake:2  | Reached XP level 17. HP: 83/130 MP: 6/30
 31268 | Snake:2  | Reached skill level 5 in Hexes
 31892 | Snake:3  | Reached skill level 10 in Dodging
 32243 | Snake:3  | Reached skill level 10 in Fighting
 32308 | Snake:3  | Found Gevievo's Magic Scroll Emporium.
 32316 | Snake:3  | Bought a scroll of teleportation for 42 gold pieces
 32316 | Snake:3  | Found Maliamn's Antique Armour Shoppe.
 32750 | Snake:4  | Entered Level 4 of the Snake Pit
 32836 | Snake:4  | HP: 6/131 [naga sharpshooter/bolt (19)]
 32967 | Snake:4  | Reached skill level 10 in Armour
 33130 | Snake:4  | Learned a level 3 spell: Dazzling Spray
 33324 | Snake:4  | Got a serpentine rune of Zot
 34046 | Snake:4  | Reached skill level 10 in Spellcasting
 34135 | Snake:4  | Reached skill level 1 in Conjurations
 34475 | Snake:4  | HP: 6/131 [black mamba (7)]
 34476 | Snake:4  | Slain by a black mamba

Skill      XL: |  1  2  3  4  5  6  7  8  9 10 11 12 13 14 15 16 17 |
---------------+----------------------------------------------------+-----
Fighting       | 1 2 3 4 5 6 7 8 9 10 | 10.0
Slings         | 1 2 3 4 5 6 7 8 9 |  9.2
Throwing       | 1 2 3 4 5 6 7 8 |  8.4
Armour         | 1 2 3 4 5 6 7 8 9 10 | 10.3
Stealth        | 3 4 6 7 8 9 10 | 10.0
Dodging        | 3 4 5 6 7 8 9 10 | 10.0
Charms         | 1 2 3 4 5 6 7 |  7.1
Staves         | 1 2 3 4 5 6 7 8 9 |  9.0
Spellcasting   | 3 4 5 6 7 8 9 10 | 10.0
Necromancy     | 5 6 7 8 9 10 | 10.0
Evocations     | 1 2 3 5 7 |  7.0
Translocations | 2 3 5 |  5.1
Summonings     | 1 2 3 |  3.2
Hexes          | 3 4 6 |  6.1
Ice Magic      | 2 3 |  3.0
Conjurations   | 1 |  1.6

Action                   |  1- 3 |  4- 6 |  7- 9 | 10-12 | 13-15 | 16-18 || total
-------------------------+-------+-------+-------+-------+-------+-------++-------
Melee: Club              |    13 |    40 |     1 |       |       |       ||    54
       Quarterstaff      |       |     2 |   323 |   367 |   511 |   174 ||  1377
 Fire: Hunting sling     |    41 |   137 |   130 |   160 |       |       ||   468
       Blowgun           |       |       |       |    39 |    26 |     4 ||    69
       Fustibalus        |       |       |       |    28 |   120 |   105 ||   253
Throw: Tomahawk          |       |    15 |   132 |    90 |   129 |   146 ||   512
       Javelin           |       |       |    28 |    73 |   155 |    19 ||   275
 Cast: Pain              |    34 |    49 |    50 |    22 |    10 |    13 ||   178
       Animate Skeleton  |     1 |    14 |    21 |    48 |    50 |    18 ||   152
       Vampiric Draining |     1 |     6 |     4 |    13 |    25 |    45 ||    94
       Animate Dead      |       |       |     3 |    21 |    86 |   110 ||   220
       Regeneration      |       |       |     1 |    26 |    53 |    76 ||   156
       Sublimation of Bl |       |       |       |    16 |    57 |    93 ||   166
       Summon Guardian G |       |       |       |       |    43 |    67 ||   110
       Shroud of Golubri |       |       |       |       |    32 |    41 ||    73
       Infusion          |       |       |       |       |     9 |       ||     9
       Ensorcelled Hiber |       |       |       |       |       |     3 ||     3
       Dazzling Spray    |       |       |       |       |       |     2 ||     2
Invok: Receive Corpses   |       |       |       |     6 |    55 |    70 ||   131
       Brand Weapon With |       |       |       |     1 |       |       ||     1
       Torment           |       |       |       |       |     1 |       ||     1
Evoke: Wand              |       |       |     1 |    30 |    19 |    19 ||    69
       Lamp of fire      |       |       |       |       |     3 |     1 ||     4
       Lightning rod     |       |       |       |       |     1 |     4 ||     5
       Sack of spiders   |       |       |       |       |       |     4 ||     4
       Box of beasts     |       |       |       |       |       |     2 ||     2
  Use: Scroll            |     2 |     7 |    14 |    18 |    18 |    25 ||    84
       Potion            |     3 |     1 |     2 |     6 |    10 |    18 ||    40
 Stab: Sleeping          |       |     1 |     6 |     8 |     9 |     3 ||    27
       Paralysed         |       |       |    13 |    17 |     3 |       ||    33
       Petrifying        |       |       |     2 |       |       |       ||     2
       Distracted        |       |       |       |     1 |     3 |     4 ||     8
       Petrified         |       |       |       |     2 |       |       ||     2
  Eat: Chunk             |     3 |     8 |    12 |    25 |    58 |    24 ||   130
       Ration            |       |       |     1 |     2 |     3 |     9 ||    15
Armor: Robe              |     1 |       |       |       |       |       ||     1
       Leather armour    |    14 |    62 |   133 |   182 |   223 |    84 ||   698
       Troll leather arm |       |       |       |       |    95 |    66 ||   161
Dodge: Dodged            |    38 |    83 |   185 |   297 |   629 |   424 ||  1656
